 Dungeon Crawl Stone Soup version 0.26-a0-21-gf97e55dc39 (webtiles) character file.

Game seed: 14720721598093411073, levelgen mode: deterministic

357 Essalna the Chiller (level 6, -1/34 HPs)
             Began as a Deep Elf Ice Elementalist on May 26, 2020.
             Slain by a bullfrog zombie (3 damage)
             ... on level 5 of the Dungeon.
             The game lasted 00:10:27 (3646 turns).

Essalna the Chiller (Deep Elf Ice Elementalist)     Turns: 3646, Time: 00:10:27

Health: -1/34      AC:  2    Str:  2 (3)  XL:     6   Next: 37%
Magic:  16/16      EV: 13    Int: 21 (22) God:
Gold:   200        SH:  0    Dex: 14 (17) Spells: 8/16 levels left

rFire    . . .     SeeInvis .   p - +1 dagger (drain)
rCold    . . .     Gourm    .   (no shield)
rNeg     . . .     Faith    .   a - +0 robe
rPois    +         Spirit   .   (no helmet)
rElec    .         Reflect  .   (no cloak)
rCorr    +         Harm     .   (no gloves)
MR       .....                  (no boots)
Stlth    ++........             (no amulet)
HPRegen  0.11/turn              i - ring of resist corrosion
MPRegen  0.15/turn              t - ring of poison resistance

@: brilliant, stab, flying
A: agile 1, weak 1, MP-powered wands
a: no special abilities


You were on level 5 of the Dungeon.
You were hungry.

You visited 1 branch of the dungeon, and saw 5 of its levels.

You collected 200 gold pieces.

Inventory:

Hand Weapons
 p - a +1 dagger of draining (weapon)
Armour
 a - a +0 robe (worn)
Jewellery
 i - a ring of resist corrosion (left hand)
 t - a ring of poison resistance (right hand)
Scrolls
 b - a scroll of random uselessness {unknown}
 d - 3 scrolls of teleportation {unknown}
 e - a scroll of fear {unknown}
 g - a scroll of amnesia {unknown}
 k - 3 scrolls of remove curse {unknown}
 l - 5 scrolls of identify {unknown}
 s - a scroll of enchant armour {unknown}
 u - a scroll of noise {unknown}
Comestibles
 c - 6 rations


   Skills:
 + Level 1.3 Fighting
 + Level 1.2 Armour
 + Level 3.3 Dodging
 - Level 2.4 Stealth
 + Level 5.6 Spellcasting
 + Level 1.9 Conjurations
 + Level 6.0 Ice Magic


You had 8 spell levels left.
You knew the following spells:

 Your Spells              Type           Power        Failure   Level  Hunger
a - Freeze                Ice            ####         1%          1    None
b - Frozen Ramparts       Ice            #####.       2%          3    None
c - Hailstorm             Conj/Ice       ####....     21%         4    None

Your spell library contained the following spells:

 Spells                   Type           Power        Failure   Level  Hunger
 Ozocubu's Armour         Chrm/Ice       ####....     9%          3    None
 Summon Ice Beast         Ice/Summ       ####....     30%         4    None


Dungeon Overview and Level Annotations

Branches:
Dungeon (6/15)
 Temple: D:4-7

Altars:
Cheibriados
Fedhas
Trog
Yredelemnul

Shops:
D:5 (


Innate Abilities, Weirdness & Mutations

You are agile. (Dex +2)
You are weak. (Str -2)
You expend magic power (3 MP) to strengthen your wands.


Message History

You feel very buoyant.
You fly up into the air.
The bullfrog zombie completely resists.
The wall freezes the bullfrog zombie but do no damage.
The shadow imp resists.
The wall freezes the shadow imp.
The shadow imp hits you.
* * * LOW HITPOINT WARNING * * *
It was a potion of mutation.
You feel extremely strange.
You feel weaker.
You feel agile.
You feel your magical essence link to the dungeon's wands.
The frozen ramparts melt away.
The shadow imp hits you but does no damage.
It was a potion of degeneration.
There was something very wrong with that liquid.
You feel weakened.
You feel dopey.
You feel clumsy. The shadow imp hits you.
* * * LOW HITPOINT WARNING * * *
An adder and a zombie come into view.
An ice beast comes into view.
The bullfrog zombie hits you.
You die...

.. ##.........
....##............
.....#.............
...................
..................
....$...>.......∩ .
..........##..## >..
.............5#####.....
S............Z.Z@.....#
........###........##..#
##.....(.##.....#......
..##..#...#?....#....#.#
#..##..............#
#..................#..
.......#.###........#..Y
.##.####.. ####[....# .#
# #.. #...


You could see an ice beast (asleep), a shadow imp and 2 bullfrog zombies.

Vanquished Creatures
  2 ogres (D:6)
  A bullfrog skeleton (D:6)
  Terence (D:2)
  A worker ant (D:6)
  A worker ant zombie (D:6)
  An adder (D:3)
  3 oozes
  3 worms (D:2)
  2 dart slugs
  A leopard gecko (D:1)
  5 goblins
  6 hobgoblins
  6 jackals
  11 kobolds
  2 quokkas
  A ball python (D:2)
  7 bats
  6 frilled lizards
  14 rats
74 creatures vanquished.

Notes
Turn   | Place    | Note
-------+----------+-------------------------------------------
     0 | D:1      | Essalna the Deep Elf Ice Elementalist began the quest for
                  | the Orb.
     0 | D:1      | Reached XP level 1. HP: 10/10 MP: 6/6
   399 | D:1      | Reached XP level 2. HP: 15/15 MP: 3/8
  1079 | D:2      | Noticed Terence
  1341 | D:2      | Reached skill level 5 in Ice Magic
  1341 | D:2      | Reached XP level 3. HP: 19/19 MP: 6/10
  1378 | D:2      | Learned a level 3 spell: Frozen Ramparts
  2390 | D:2      | Found a blossoming altar of Fedhas.
  2492 | D:2      | Killed Terence
  2492 | D:2      | Reached XP level 4. HP: 17/24 MP: 5/12
  2592 | D:2      | Learned a level 4 spell: Hailstorm
  2611 | D:3      | Reached skill level 5 in Spellcasting
  3159 | D:3      | You fall into a shaft and drop 3 floors!
  3159 | D:6      | Found a basalt altar of Yredelemnul.
  3159 | D:6      | Found a snail-covered altar of Cheibriados.
  3159 | D:6      | Noticed an ogre
  3173 | D:6      | Killed an ogre
  3173 | D:6      | Reached skill level 1 in Conjurations
  3173 | D:6      | Reached XP level 5. HP: 28/28 MP: 5/14
  3174 | D:6      | Noticed an ogre
  3186 | D:6      | Killed an ogre
  3186 | D:6      | Reached skill level 1 in Fighting
  3186 | D:6      | Reached skill level 1 in Armour
  3186 | D:6      | Reached XP level 6. HP: 14/34 MP: 4/16
  3367 | D:6      | Found a bloodstained altar of Trog.
  3403 | D:6      | Reached skill level 6 in Ice Magic
  3608 | D:6      | Noticed an ice beast
  3610 | D:5      | Entered Level 5 of the Dungeon
  3611 | D:5      | Found Ficeinou's Weapon Shoppe.
  3634 | D:5      | Gained mutation: You are weak. (Str -2) [potion of
                  | mutation]
  3634 | D:5      | Gained mutation: You are agile. (Dex +2) [potion of
                  | mutation]
  3634 | D:5      | Gained mutation: You expend magic power (3 MP) to
                  | strengthen your wands. [potion of mutation]
  3635 | D:5      | HP: 1/34 [shadow imp (2)]
  3646 | D:5      | Noticed an ice beast
  3646 | D:5      | Slain by a bullfrog zombie

Illustrated notes

Levels and vault maps discovered:
D:1:      eino_arrival_water_cross, layout_basic
D:2:      kennysheep_big_flooded_room, layout_basic, fedhas_altar_fruit_tree,
          kennysheep_generic_room_6, uniq_terence
D:3:      layout_basic, lemuel_doored_altar, first_ration, st_stairs_6
D:5:      layout_cave_pools, serial_shops, shop, shop_statue, kennysheep_mini,
          trog_butcher_becter
D:6:      layout_loops_ring, lemuel_coloured_pillars_altar,
          minmay_overflow_temple_star_quad, serial_shops, shop,
          uniq_blork_the_orc

Skill      XL: |  1  2  3  4  5  6 |
---------------+-------------------+-----
Spellcasting   | 4 5 |  5.6
Ice Magic      | 5 6 |  6.0
Dodging        | 3 |  3.3
Conjurations   | 1 |  1.9
Fighting       | 1 |  1.3
Armour         | 1 |  1.2
Stealth        | |  2.4

Action                   |  1- 3 |  4- 6 || total
-------------------------+-------+-------++-------
Melee: Dagger            |     2 |    42 ||    44
       Unarmed           |     1 |       ||     1
 Cast: Freeze            |    60 |    30 ||    90
       Frozen Ramparts   |     5 |     6 ||    11
  Use: Potion            |       |     7 ||     7
 Stab: Sleeping          |     1 |       ||     1
  Eat: Chunk             |     5 |     3 ||     8
Armor: Robe              |     8 |    11 ||    19
Dodge: Dodged            |    27 |    54 ||    81

Table legend:
 A = Non-vault XP
 B = Vault XP
 C = Vault XP percentage of total XP
 D = Non-vault monster count
 E = Vault monster count
 F = Vault count percentage of total count
                 A         B        C        D         E       F
            +---------+---------+-------+---------+---------+-------
      Total |     464 |      47 |   9.2 |      69 |       5 |   6.8
            +---------+---------+-------+---------+---------+-------
        D:1 |      27 |       0 |   0.0 |      16 |       0 |   0.0
        D:2 |      56 |      47 |  45.6 |      29 |       5 |  14.7
        D:3 |      51 |       0 |   0.0 |      19 |       0 |   0.0
        D:6 |     330 |       0 |   0.0 |       5 |       0 |   0.0
            +---------+---------+-------+---------+---------+-------
